PAAA
SALT LAKE CITY BUZZ @ BLOOMINGTON LONGNECKS
09/06/2032
 
TOP OF THE 1ST
Salt Lake City Buzz batting - Pitching for Bloomington Longnecks : RHP Keith Rojas
Pitching: RHP Keith Rojas
Batting: LHB Alistair Mix 0-0: Ball
1-0: Ball
2-0: Ball
3-0: Called Strike
3-1: Called Strike
3-2: SINGLE (Line Drive, 34D)
Batting: RHB Alejandro Herrera 0-0: Ball
Alistair Mix steals 2nd base
1-0: Swinging Strike
1-1: Ground out 6-3 (Groundball, 6)
Alistair Mix to third
Batting: RHB Scott Ramsey 0-0: Foul Ball, location: 2F
0-1: Ball
1-1: DOUBLE (Flyball, 78XD)
Alistair Mix scores
Batting: LHB Orlando Casillas 0-0: Foul Ball, location: 2F
0-1: Foul Ball, location: 2F
0-2: Ball
1-2: Ball
2-2: Foul Ball, location: 2F
2-2: Fly out, F7 (Flyball, 7LS)
Batting: SHB Jorge Colón 0-0: Ball
1-0: Ball
2-0: Ground out 4-3 (Groundball, 4)
Top of the 1st over - 1 run, 2 hits, 0 errors, 1 left on base; Salt Lake City 1 - Bloomington 0
BOTTOM OF THE 1ST
Bloomington Longnecks batting - Pitching for Salt Lake City Buzz : LHP Vicente Romero
Pitching: LHP Vicente Romero
Batting: RHB Barrett Drury 0-0: Foul Ball, location: 2F
0-1: Ball
1-1: Swinging Strike
1-2: Foul Ball, location: 2F
1-2: Foul Ball, location: 2F
1-2: Ground out 4-3 (Groundball, 4)
Batting: RHB Gabrio Campoverde 0-0: Ball
1-0: Called Strike
1-1: Fly out, F3 (Popup, 23F)
Batting: RHB Bastiaan Pieterse 0-0: Ball
1-0: Swinging Strike
1-1: Foul Ball, location: 2F
1-2: Strikes out swinging
Bottom of the 1st over - 0 runs, 0 hits, 0 errors, 0 left on base; Salt Lake City 1 - Bloomington 0
TOP OF THE 2ND
Salt Lake City Buzz batting - Pitching for Bloomington Longnecks : RHP Keith Rojas
Batting: RHB Vicente Cruz 0-0: Called Strike
0-1: Ball
1-1: SINGLE (Groundball, 4MD)
Batting: RHB Germán Espantoso 0-0: Grounds into double play, 6-4-3 (Groundball, 6)
Batting: RHB Leon Carlisle 0-0: Fly out, F5 (Line Drive, 5)
Top of the 2nd over - 0 runs, 1 hit, 0 errors, 0 left on base; Salt Lake City 1 - Bloomington 0
BOTTOM OF THE 2ND
Bloomington Longnecks batting - Pitching for Salt Lake City Buzz : LHP Vicente Romero
Batting: RHB Martín Martínez 0-0: Fly out, F8 (Flyball, 8LM)
Batting: RHB Toussiant L'Ouverture 0-0: Swinging Strike
0-1: Ball
1-1: Called Strike
1-2: SINGLE (Line Drive, 9S)
Batting: RHB Bubba Blevins 0-0: Ball
1-0: Ball
2-0: Ball
3-0: Called Strike
3-1: Called Strike
3-2: Base on Balls
Toussiant L'Ouverture to second
Batting: RHB Chet Hollis 0-0: Ball
1-0: Ball
2-0: Ball
3-0: Base on Balls
Toussiant L'Ouverture to third
Bubba Blevins to second
Batting: LHB Marshall Willis 0-0: Fly out, F9 (Flyball, 89D)
Runner from 3rd tags up, SCORES, throw made
Batting: RHB Frank Crocker 0-0: Ball
1-0: Ball
2-0: Foul Ball, location: 2F
2-1: Ground out 5-3 (Groundball, 5S)
Bottom of the 2nd over - 1 run, 1 hit, 0 errors, 2 left on base; Salt Lake City 1 - Bloomington 1
TOP OF THE 3RD
Salt Lake City Buzz batting - Pitching for Bloomington Longnecks : RHP Keith Rojas
Batting: RHB Roberto Camacho 0-0: Ball
1-0: Ball
2-0: Ball
3-0: Called Strike
3-1: Called Strike
3-2: Ground out 6-3 (Groundball, 6M)
Batting: LHB Alistair Mix 0-0: SINGLE (Groundball, 56D)
Batting: RHB Alejandro Herrera 0-0: Ball
1-0: Swinging Strike
1-1: Foul Ball, location: 2F
1-2: Ball
2-2: Ground out U3 (Groundball, 34S)
Alistair Mix to second
Batting: RHB Scott Ramsey 0-0: Swinging Strike
0-1: Swinging Strike
0-2: Ball
1-2: Strikes out swinging
Top of the 3rd over - 0 runs, 1 hit, 0 errors, 1 left on base; Salt Lake City 1 - Bloomington 1
BOTTOM OF THE 3RD
Bloomington Longnecks batting - Pitching for Salt Lake City Buzz : LHP Vicente Romero
Batting: RHB Barrett Drury 0-0: Ground out 4-3 (Groundball, 4M)
Batting: RHB Gabrio Campoverde 0-0: Ball
1-0: Ball
2-0: Called Strike
2-1: Called Strike
2-2: Ball
3-2: Fly out, F3 (Popup, 3L)
Batting: RHB Bastiaan Pieterse 0-0: Called Strike
0-1: Fly out, F7 (Line Drive, 78XD)
Bottom of the 3rd over - 0 runs, 0 hits, 0 errors, 0 left on base; Salt Lake City 1 - Bloomington 1
TOP OF THE 4TH
Salt Lake City Buzz batting - Pitching for Bloomington Longnecks : RHP Keith Rojas
Batting: LHB Orlando Casillas 0-0: Ball
1-0: Swinging Strike
1-1: Called Strike
1-2: Strikes out swinging
Batting: SHB Jorge Colón 0-0: Ball
1-0: Foul Ball, location: 2F
1-1: Ball
2-1: Foul Ball, location: 2F
2-2: Fly out, F8 (Line Drive, 8RD)
Batting: RHB Vicente Cruz 0-0: Ball
1-0: Swinging Strike
1-1: Called Strike
1-2: Strikes out swinging
Top of the 4th over - 0 runs, 0 hits, 0 errors, 0 left on base; Salt Lake City 1 - Bloomington 1
BOTTOM OF THE 4TH
Bloomington Longnecks batting - Pitching for Salt Lake City Buzz : LHP Vicente Romero
Batting: RHB Martín Martínez 0-0: SINGLE (Groundball, 56D)
Batting: RHB Toussiant L'Ouverture 0-0: Ball
1-0: Fly out, F8 (Flyball, 8RM)
Batting: RHB Bubba Blevins 0-0: Called Strike
0-1: Ball
1-1: Ball
2-1: Ball
3-1: Fly out, F5 (Popup, 5SF)
Batting: RHB Chet Hollis 0-0: Called Strike
0-1: Ball
1-1: Ball
2-1: Ball
3-1: Fly out, F8 (Flyball, 8RS)
Bottom of the 4th over - 0 runs, 1 hit, 0 errors, 1 left on base; Salt Lake City 1 - Bloomington 1
TOP OF THE 5TH
Salt Lake City Buzz batting - Pitching for Bloomington Longnecks : RHP Keith Rojas
Batting: RHB Germán Espantoso 0-0: Ball
1-0: Called Strike
1-1: Ground out 6-3 (Groundball, 6S)
Batting: RHB Leon Carlisle 0-0: Ball
1-0: SINGLE (Groundball, 25) (infield hit)
Batting: RHB Roberto Camacho 0-0: Grounds into double play, 4-6-3 (Groundball, 4)
Top of the 5th over - 0 runs, 1 hit, 0 errors, 0 left on base; Salt Lake City 1 - Bloomington 1
BOTTOM OF THE 5TH
Bloomington Longnecks batting - Pitching for Salt Lake City Buzz : LHP Vicente Romero
Batting: LHB Marshall Willis 0-0: Ball
1-0: Fly out, F8 (Flyball, 89D)
Batting: RHB Frank Crocker 0-0: Foul Ball, location: 2F
0-1: Called Strike
0-2: Fly out, F9 (Flyball, 9LMF)
Batting: RHB Barrett Drury 0-0: Swinging Strike
0-1: Hit by Pitch
Batting: RHB Gabrio Campoverde 0-0: Ball
1-0: Ball
2-0: Called Strike
2-1: Ball
3-1: Called Strike
3-2: Fly out, F6 (Popup, P)
Bottom of the 5th over - 0 runs, 0 hits, 0 errors, 1 left on base; Salt Lake City 1 - Bloomington 1
TOP OF THE 6TH
Salt Lake City Buzz batting - Pitching for Bloomington Longnecks : RHP Keith Rojas
Batting: LHB Alistair Mix 0-0: Ball
1-0: Fly out, F8 (Flyball, 8LS)
Batting: RHB Alejandro Herrera 0-0: Ground out 5-3 (Groundball, 56)
Batting: RHB Scott Ramsey 0-0: Ball
1-0: Called Strike
1-1: Ground out 5-3 (Groundball, 5S)
Top of the 6th over - 0 runs, 0 hits, 0 errors, 0 left on base; Salt Lake City 1 - Bloomington 1
BOTTOM OF THE 6TH
Bloomington Longnecks batting - Pitching for Salt Lake City Buzz : LHP Vicente Romero
Batting: RHB Bastiaan Pieterse 0-0: Ball
1-0: Ground out 5-3 (Groundball, 5)
Batting: RHB Martín Martínez 0-0: DOUBLE (Line Drive, 78XD)
Batting: RHB Toussiant L'Ouverture 0-0: Ball
1-0: Ball
2-0: Called Strike
2-1: Ball
3-1: SINGLE (Flyball, 7LS)
Martín Martínez to third
Throwing error, E7
Martín Martínez scores
Toussiant L'Ouverture to second
Pitching: LHP Chico Landi
Batting: RHB Bubba Blevins 0-0: Fly out, F8 (Flyball, 78S)
Batting: RHB Chet Hollis 0-0: Ball
1-0: Swinging Strike
1-1: Swinging Strike
1-2: Ground out 5-3 (Groundball, 5)
Bottom of the 6th over - 1 run, 2 hits, 1 error, 1 left on base; Salt Lake City 1 - Bloomington 2
TOP OF THE 7TH
Salt Lake City Buzz batting - Pitching for Bloomington Longnecks : RHP Keith Rojas
Batting: LHB Orlando Casillas 0-0: Swinging Strike
0-1: Foul Ball, location: 2F
0-2: Foul Ball, location: 2F
0-2: Ball
1-2: Ground out 1-3 (Groundball, 13)
Batting: SHB Jorge Colón 0-0: Ball
1-0: Swinging Strike
1-1: Ground out 6-3 (Groundball, 6)
Batting: RHB Vicente Cruz 0-0: Ball
1-0: Ball
2-0: Called Strike
2-1: Foul Ball, location: 2F
2-2: Foul Ball, location: 2F
2-2: Foul Ball, location: 2F
2-2: Ball
3-2: Fly out, F5 (Line Drive, 5)
Top of the 7th over - 0 runs, 0 hits, 0 errors, 0 left on base; Salt Lake City 1 - Bloomington 2
BOTTOM OF THE 7TH
Bloomington Longnecks batting - Pitching for Salt Lake City Buzz : LHP Chico Landi
Batting: LHB Marshall Willis 0-0: Called Strike
0-1: Ball
1-1: Ball
2-1: Called Strike
2-2: Foul Ball, location: 2F
2-2: Ball
3-2: Base on Balls
Batting: RHB Frank Crocker 0-0: Bunted foul
0-1: Ball
1-1: Bunted foul
1-2: Ball
2-2: Strikes out swinging
Batting: RHB Barrett Drury 0-0: Called Strike
0-1: Called Strike
0-2: Foul Ball, location: 2F
0-2: Ball
1-2: Ball
2-2: Ball
3-2: Base on Balls
Marshall Willis to second
Batting: RHB Gabrio Campoverde 0-0: Ball
1-0: Foul Ball, location: 2F
1-1: Ball
2-1: Foul Ball, location: 2F
2-2: Fly out, F7 (Flyball, 7LM)
Batting: RHB Bastiaan Pieterse 0-0: Foul Ball, location: 2F
0-1: Ball
1-1: SINGLE (Line Drive, 6MD)
Marshall Willis to third
Barrett Drury to second
Batting: RHB Martín Martínez 0-0: SINGLE (Groundball, 4MD)
Marshall Willis scores
Barrett Drury to third
Bastiaan Pieterse to second
Runner from 3rd tries for Home, SAFE, no throw
Batting: RHB Toussiant L'Ouverture 0-0: Ball
1-0: Foul Ball, location: 2F
1-1: Fly out, F7 (Flyball, 7S)
Bottom of the 7th over - 2 runs, 2 hits, 0 errors, 2 left on base; Salt Lake City 1 - Bloomington 4
TOP OF THE 8TH
Salt Lake City Buzz batting - Pitching for Bloomington Longnecks : RHP Keith Rojas
Batting: RHB Germán Espantoso 0-0: Swinging Strike
0-1: Ball
1-1: SINGLE (Line Drive, 8LS)
Pitching: LHP Jesús Medina
Batting: RHB Leon Carlisle 0-0: Called Strike
0-1: Ball
1-1: Fielders Choice at 2nd, 4-6 (Groundball, 4M)
Batting: RHB Roberto Camacho 0-0: Grounds into double play, 5-4-3 (Groundball, 56)
Top of the 8th over - 0 runs, 1 hit, 0 errors, 0 left on base; Salt Lake City 1 - Bloomington 4
BOTTOM OF THE 8TH
Bloomington Longnecks batting - Pitching for Salt Lake City Buzz : LHP Chico Landi
Batting: RHB Bubba Blevins 0-0: Reached on error, E5 (Groundball, 5)
Batting: RHB Chet Hollis 0-0: Intentional Walk
Batting: LHB Marshall Willis 0-0: Ball
1-0: Foul Ball, location: 2F
1-1: Foul Ball, location: 2F
1-2: Foul Ball, location: 2F
1-2: Strikes out swinging
Batting: RHB Frank Crocker 0-0: Ball
1-0: Foul Ball, location: 2F
1-1: Foul Ball, location: 2F
1-2: Ball
2-2: Ball
3-2: Fly out, F4 (Popup, 4M)
Batting: RHB Barrett Drury 0-0: SINGLE (Groundball, 6MD)
Bubba Blevins to third
Chet Hollis to second
Runner from 3rd tries for Home, SAFE, no throw
Pitching: RHP Ben Hopley
Batting: RHB Gabrio Campoverde 0-0: Ball
1-0: Foul Ball, location: 2F
1-1: Swinging Strike
1-2: Strikes out swinging
Bottom of the 8th over - 1 run, 1 hit, 1 error, 2 left on base; Salt Lake City 1 - Bloomington 5
TOP OF THE 9TH
Salt Lake City Buzz batting - Pitching for Bloomington Longnecks : LHP Jesús Medina
Batting: LHB Alistair Mix 0-0: Swinging Strike
0-1: Called Strike
0-2: Strikes out swinging
Batting: RHB Alejandro Herrera 0-0: Ball
1-0: Called Strike
1-1: Ball
2-1: Swinging Strike
2-2: Ball
3-2: Ground out 4-3 (Groundball, 4M)
Batting: RHB Scott Ramsey 0-0: Swinging Strike
0-1: Ball
1-1: DOUBLE (Groundball, 5L)
Batting: LHB Orlando Casillas 0-0: Ball
1-0: Called Strike
1-1: Ball
2-1: SINGLE (Flyball, 6MD)
Scott Ramsey to third
Pitching: RHP Pierre Levegh
Batting: SHB Jorge Colón 0-0: Ball
1-0: Foul Ball, location: 2F
1-1: SINGLE (Groundball, 34D)
Scott Ramsey scores
Orlando Casillas to second
Batting: RHB Vicente Cruz 0-0: Swinging Strike
0-1: Ball
1-1: SINGLE (Groundball, 13S) (infield hit)
Orlando Casillas to third
Jorge Colón to second
Batting: RHB Germán Espantoso 0-0: DOUBLE (Line Drive, 7D)
Orlando Casillas scores
Jorge Colón scores
Vicente Cruz to third
Runner from 3rd tries for Home, SAFE, no throw
Batting: RHB Leon Carlisle 0-0: Fly out, F9 (Flyball, 9)
Top of the 9th over - 4 runs, 5 hits, 0 errors, 1 left on base; Salt Lake City 5 - Bloomington 5
BOTTOM OF THE 9TH
Bloomington Longnecks batting - Pitching for Salt Lake City Buzz : RHP Ben Hopley
Batting: RHB Bastiaan Pieterse 0-0: Called Strike
0-1: Called Strike
0-2: Strikes out swinging
Batting: RHB Martín Martínez 0-0: Called Strike
0-1: Ball
1-1: Fly out, F7 (Flyball, 7S)
Batting: RHB Toussiant L'Ouverture 0-0: Ball
1-0: Called Strike
1-1: Ball
2-1: Ball
3-1: Base on Balls
Pinch Runner at 1st Wei-qiang Mo:
Batting: RHB Bubba Blevins 0-0: Ball
1-0: Ball
2-0: Ball
3-0: Called Strike
3-1: Fly out, F9 (Flyball, 9D)
Bottom of the 9th over - 0 runs, 0 hits, 0 errors, 1 left on base; Salt Lake City 5 - Bloomington 5
TOP OF THE 10TH
Salt Lake City Buzz batting - Pitching for Bloomington Longnecks : RHP Pierre Levegh
Pitching: RHP Gene Kirkland
Pinch Hitting: RHB Justin MacPherson 0-0: Foul Ball, location: 2F
0-1: Ball
1-1: Swinging Strike
1-2: Ball
2-2: Strikes out swinging
Batting: LHB Alistair Mix 0-0: Ball
1-0: SINGLE (Groundball, 34D)
Batting: RHB Alejandro Herrera 0-0: Ball
1-0: Called Strike
Alistair Mix is caught stealing 2nd base
1-1: Called Strike
1-2: Foul Ball, location: 2F
1-2: Ball
2-2: Ground out 1-3 (Groundball, P)
Top of the 10th over - 0 runs, 1 hit, 0 errors, 0 left on base; Salt Lake City 5 - Bloomington 5
BOTTOM OF THE 10TH
Bloomington Longnecks batting - Pitching for Salt Lake City Buzz : RHP Ben Hopley
Now at 2B: Justin MacPherson
Batting: RHB Chet Hollis 0-0: Called Strike
0-1: Swinging Strike
0-2: Ball
1-2: Strikes out swinging
Batting: LHB Marshall Willis 0-0: Ball
1-0: Fly out, F9 (Flyball, 9S)
Batting: RHB Frank Crocker 0-0: Foul Ball, location: 2F
0-1: Swinging Strike
0-2: Foul Ball, location: 2F
0-2: Ball
1-2: Ball
2-2: Ball
3-2: Base on Balls
Batting: RHB Barrett Drury 0-0: Ball
1-0: Foul Ball, location: 2F
1-1: Swinging Strike
1-2: Foul Ball, location: 2F
1-2: Ground out 4-3 (Groundball, 4)
Bottom of the 10th over - 0 runs, 0 hits, 0 errors, 1 left on base; Salt Lake City 5 - Bloomington 5
TOP OF THE 11TH
Salt Lake City Buzz batting - Pitching for Bloomington Longnecks : RHP Gene Kirkland
Batting: RHB Scott Ramsey 0-0: Ball
1-0: Ball
2-0: SINGLE (Line Drive, 6D)
Pinch Runner at 1st Juan Rosado:
Batting: LHB Orlando Casillas 0-0: Foul Ball, location: 2F
0-1: Ball
1-1: Foul Ball, location: 2F
1-2: Ball
2-2: Strikes out swinging
Batting: SHB Jorge Colón 0-0: Called Strike
0-1: SINGLE (Flyball, 7LM)
Juan Rosado to second
Batting: RHB Vicente Cruz 0-0: Ball
1-0: Swinging Strike
1-1: Ball
2-1: Fly out, F4 (Line Drive, 4M)
Batting: RHB Germán Espantoso 0-0: Single, Error in OF, E7, batter to second base
Juan Rosado scores
Jorge Colón to third
Batting: RHB Leon Carlisle 0-0: Ball
1-0: Ball
2-0: Ball
3-0: Called Strike
3-1: Base on Balls
Batting: RHB Justin MacPherson 0-0: SINGLE (Groundball, 56D)
Jorge Colón scores
Germán Espantoso to third
Leon Carlisle to second
Runner from 3rd tries for Home, SAFE, no throw
Pitching: LHP Tomás Galván
Batting: LHB Alistair Mix 0-0: Ball
1-0: Called Strike
1-1: Foul Ball, location: 2F
1-2: Foul Ball, location: 2F
1-2: Ball
2-2: Ball
3-2: Foul Ball, location: 2F
3-2: Ground out 6-3 (Groundball, 6)
Top of the 11th over - 3 runs, 4 hits, 1 error, 2 left on base; Salt Lake City 8 - Bloomington 5
BOTTOM OF THE 11TH
Bloomington Longnecks batting - Pitching for Salt Lake City Buzz : RHP Ben Hopley
Now at 1B: Juan Rosado
Batting: RHB Gabrio Campoverde 0-0: Swinging Strike
0-1: Ball
1-1: Ball
2-1: Called Strike
2-2: Foul Ball, location: 2F
2-2: Foul Ball, location: 2F
2-2: Foul Ball, location: 2F
2-2: Ball
3-2: Foul Ball, location: 2F
3-2: Base on Balls
Batting: RHB Bastiaan Pieterse 0-0: Foul Ball, location: 2F
0-1: Swinging Strike
0-2: Ball
1-2: Ball
2-2: Strikes out swinging
Batting: RHB Martín Martínez 0-0: Fly out, F8 (Flyball, 8LM)
Batting: RHB Wei-qiang Mo 0-0: Foul Ball, location: 2F
0-1: Ball
1-1: Called Strike
1-2: Fly out, F5 (Popup, 56)
Bottom of the 11th over - 0 runs, 0 hits, 0 errors, 1 left on base; Salt Lake City 8 - Bloomington 5
Wednesday, September 19th, 2018 - OOTP Baseball 18.8 Build 76